 Dungeon Crawl Stone Soup version 0.29.0-4-gdea44cf6ec (webtiles) character file.

Game seed: 6240735014869866297

9720 qw the Cleaver (level 11, -3/87 HPs)
             Began as a Demonspawn Cinder Acolyte on Sept 9, 2022.
             Was an Initiate of Okawaru.
             Slain by a fire elemental (6 damage)
             ... created by the fiery vengeance of Ignis
             ... on level 2 of the Lair of Beasts.
             The game lasted 00:03:20 (10413 turns).

qw the Cleaver (Demonspawn Cinder Acolyte)         Turns: 10413, Time: 00:03:20

Health: -3/87      AC: 15    Str: 23    XL:     11   Next: 26%
Magic:  10/12      EV: 10    Int: 18    God:    Okawaru [......]
Gold:   179        SH:  0    Dex: 15    Spells: 12/12 levels left

rFire   . . .      SeeInvis .   l - +6 hand axe of Zyenorph {drain, rC+ Will+ Str+4 Int+3}
rCold   + . .      Faith    .   (no shield)
rNeg    . . .      Spirit   .   r - +1 plate armour
rPois   .          Reflect  .   (helmet restricted)
rElec   .          Harm     .   a - scarf {repulsion}
rCorr   +          Rampage  .   (no gloves)
Will    +....                   (no boots)
Stlth   ..........              (no amulet)
HPRegen 0.24/turn               o - +6 ring of dexterity
MPRegen 0.13/turn               h - ring of resist corrosion

@: heroic, repel missiles, fire susceptible
A: antennae 1, powered by death 2, demonic magic 2
a: Renounce Religion


You were on level 2 of the Lair of Beasts.
You worshipped Okawaru.
Okawaru was noncommittal.
You visited 3 branches of the dungeon, and saw 11 of its levels.

You collected 482 gold pieces.
You spent 303 gold pieces at shops.


Innate Abilities, Weirdness & Mutations

You have a pair of small antennae on your head.
You regenerate health from kills.
Spells you cast may paralyse nearby enemies.


   Skills:
 + Level 8.4(13.4) Fighting
 - Level 13.0(18.0) Axes
 - Level 2.2(7.2) Throwing
 - Level 5.7(10.7) Armour
 - Level 3.0(8.0) Dodging
 - Level 1.0 Spellcasting
 - Level 2.6 Fire Magic


You had 12 spell levels left.
You didn't know any spells.
Your spell library contained the following spells:

 Spells                   Type           Power      Damage    Failure   Level
 Scorch                   Fire           20%        2d6       75%         2

Inventory:

Hand Weapons
 f - a +0 morningstar
 l - the +6 hand axe of Zyenorph (weapon) {drain, rC+ Will+ Str+4 Int+3}
   (You found it on level 7 of the Dungeon)

   A truly terrible weapon, it drains the life of any living foe it strikes.
   Str:       It affects your strength (+4).
   Int:       It affects your intelligence (+3).
   rC:        It protects you from cold.
   Will:      It increases your willpower.
Armour
 a - a scarf of repulsion (worn)
 r - a +1 plate armour (worn)
Jewellery
 h - a ring of resist corrosion (right hand)
 m - a ring of ice
 o - a +6 ring of dexterity (left hand)
Scrolls
 j - 2 scrolls of identify
 s - a scroll of enchant weapon
Potions
 c - 3 potions of curing
 d - 2 potions of might
 e - a potion of mutation
 g - a potion of haste

Dungeon Overview and Level Annotations

Branches:
Dungeon (8/15)             Temple (1/1) D:6            Lair (2/5) D:8
 Spider (0/4) Lair:2
  Swamp: Lair:2-3    Shoals: Lair:2-3

Altars:
Cheibriados
Dithmenos
Gozag
Hepliaklqana
Makhleb
Nemelex Xobeh
Okawaru
Sif Muna
Trog
Uskayaw
Vehumet
Wu Jian
Xom

Shops:
D:5 (   D:7 (


Message History

10328 ||| FLEEEEING.
The orb of destruction hits you!!
Your surroundings suddenly seem different.
You see here a book of Flames.
You start resting.
Ignis wails with rage, and rains down burning fury!
You sense a monster nearby. 3 fire elementals come into view.
You slash the fire elemental!
The fire elemental is heavily damaged.
You hit the fungus.
The fungus begins to die.
You drain the fungus. You closely miss the fire elemental.
The fire elemental is heavily damaged.
You slash the fungus! You drain the fungus. You hit the fire elemental.
The fire elemental is severely damaged.
You hit the fungus. The fire elemental hits you. The fire elemental burns you!
You hit the fire elemental.
The fire elemental is almost destroyed.
You slash the fungus! You drain the fungus. You slash the fire elemental! x2
The fire elemental hits you. The fire elemental burns you!
The fire elemental hits you. The fire elemental burns you!
The fire elemental hits you. The fire elemental burns you!
10412 ||| INVOKING Heroism.
You gain the combat prowess of a mighty hero.
You can no longer gain great but temporary skills.
A nearby fungus withers and dies.
The fire elemental hits you. The fire elemental burns you!
The fire elemental hits you. The fire elemental burns you!
The fire elemental hits you. The fire elemental burns you!
The fire elemental hits you. The fire elemental burns you!
10413 ||| DRINKING potion of heal wounds.
You feel much better. The fire elemental hits you.
The fire elemental burns you! The fire elemental hits you.
The fire elemental burns you! The fire elemental hits you.
The fire elemental burns you! The fire elemental hits you.
The fire elemental burns you! The fire elemental hits you.
The fire elemental burns you!
You die...

..#.###....##########............
..### #...P####...##P..##P..#.###
..<.###............##..##....## #
.....##...#.......###..###..##
....P##....##......##..###.... ##
....###...###..#####.....+...^.+.
+#.## #....##.### #.....######.##
..## #....#....####.:.#.## ###
+######........E@......##.######P
..............0E.E...............
#########P..##.#.#P###P#.P###.###
# #######.#### ###### # ###


You could see 3 fire elementals.

Vanquished Creatures
  A catoblepas (Lair:2)
  Nergalle (Lair:1)
  An elephant (Lair:2)
  A black mamba (Lair:1)
  Joseph (D:8)
  5 cane toads (Lair:1)
  A komodo dragon (Lair:2)
  Prince Ribbit (Lair:2)
  5 blink frogs (Lair:2)
  A wyvern (D:8)
  4 yaks
  2 basilisks (D:8)
  2 steam dragons
  5 water moccasins
  A sky beast (D:8)
  2 orc warriors
  5 black bears
  10 wolves
  A centaur (D:8)
  A phantom (D:6)
  3 bullfrogs
  6 scorpions
  3 killer bees (D:8)
  2 howler monkeys (D:7)
  3 hounds
  4 orc priests
  An iron imp (D:5)
  2 iguanas (D:5)
  8 orc wizards
  5 adders
  A worm (D:5)
  3 dart slugs
  13 orcs
  9 ball pythons
  4 bats
  6 endoplasms
  A giant cockroach (D:2)
  11 hobgoblins
  3 quokkas
  3 frilled lizards
  7 goblins
  8 kobolds
  4 rats
161 creatures vanquished.

Vanquished Creatures (others)
  5 fungi
  13 plants
18 creatures vanquished.

Grand Total: 179 creatures vanquished

Notes
Turn   | Place    | Note
-------+----------+-------------------------------------------
     0 | D:1      | qw the Demonspawn Cinder Acolyte began the quest for the
                  | Orb.
     0 | D:1      | Reached XP level 1. HP: 18/18 MP: 2/2
     0 | D:1      | 0 ||| qw: Version: 0.1-a-113-g051387a
     0 | D:1      | 0 ||| qw: Game counter: 7237
     0 | D:1      | 0 ||| qw: Always use a shield: true
     0 | D:1      | 0 ||| qw: God list: Okawaru
     0 | D:1      | 0 ||| qw: Allow faded altars: false
     0 | D:1      | 0 ||| qw: Do Orc after D:15 true
     0 | D:1      | 0 ||| qw: Do second Lair branch before Depths: true
     0 | D:1      | 0 ||| qw: Lair rune preference: random
     0 | D:1      | 0 ||| qw: Plans: Normal
     0 | D:1      | 0 ||| PLANNING D:1-11
    59 | D:1      | 59 ||| Stepping ~*~*~tactically~*~*~ (stealth).
    60 | D:1      | 60 ||| Stepping ~*~*~tactically~*~*~ (stealth).
    65 | D:1      | Reached skill level 3 in Axes
   191 | D:1      | Reached skill level 1 in Throwing
   191 | D:1      | Gained mutation: You have a pair of small antennae on your
                  | head. [demonic ancestry]
   191 | D:1      | Reached XP level 2. HP: 24/24 MP: 3/3
   287 | D:1      | 287 ||| Stepping ~*~*~tactically~*~*~ (stealth).
   314 | D:1      | 314 ||| Stepping ~*~*~tactically~*~*~ (stealth).
   543 | D:1      | Found a faded altar of an unknown god.
   704 | D:1      | 704 ||| UPGRADING to +0 chain mail.
   714 | D:1      | 714 ||| DROPPING +0 robe.
   715 | D:1      | 715 ||| READING scroll labelled WOMMUV GIWE.
   716 | D:1      | 716 ||| READING scroll labelled RAEGAE YPAB.
   717 | D:1      | 717 ||| READING scroll labelled OFUKLI GEEPOOG.
   848 | D:1      | 848 ||| READING scroll labelled HUITAYB KOQOAGRA.
   849 | D:1      | 849 ||| READING scroll labelled TILEGA GUMMEO.
   850 | D:1      | 850 ||| DRINKING 4 brown potions.
   881 | D:1      | 881 ||| DRINKING 2 fuming emerald potions.
   882 | D:1      | 882 ||| DROPPING 3 potions of lignification.
   883 | D:1      | 883 ||| DROPPING potion of invisibility.
   893 | D:2      | 893 ||| Stepping ~*~*~tactically~*~*~ (stealth).
   911 | D:2      | Reached skill level 1 in Armour
   911 | D:2      | Gained mutation: Spells you cast may paralyse adjacent
                  | enemies. [demonic ancestry]
   911 | D:2      | Reached XP level 3. HP: 17/29 MP: 4/4
  1119 | D:2      | 1119 ||| Stepping ~*~*~tactically~*~*~ (hiding).
  1149 | D:2      | Found a radiant altar of Vehumet.
  1251 | D:2      | 1251 ||| Stepping ~*~*~tactically~*~*~ (stealth).
  1256 | D:2      | 1256 ||| Stepping ~*~*~tactically~*~*~ (stealth).
  1563 | D:2      | 1563 ||| UPGRADING to +0 chain mail of cold resistance.
  1573 | D:2      | 1573 ||| DROPPING +0 chain mail.
  1574 | D:2      | 1574 ||| READING scroll labelled QUGICA YROT.
  1575 | D:2      | 1575 ||| DRINKING 2 viscous dark potions.
  1658 | D:3      | Found a faded altar of an unknown god.
  1658 | D:3      | Found a hazy altar of Hepliaklqana.
  1679 | D:3      | 1679 ||| INVOKING Fiery Armour.
  1681 | D:3      | Reached skill level 4 in Axes
  1681 | D:3      | Gained mutation: You regenerate a little health from kills.
                  | [demonic ancestry]
  1681 | D:3      | Reached XP level 4. HP: 14/35 MP: 5/5
  1690 | D:3      | 1690 ||| FLEEEEING.
  1691 | D:3      | 1691 ||| FLEEEEING.
  1692 | D:3      | 1692 ||| FLEEEEING.
  1693 | D:3      | 1693 ||| FLEEEEING.
  1695 | D:3      | 1695 ||| FLEEEEING.
  1697 | D:3      | 1697 ||| FLEEEEING.
  1698 | D:3      | 1698 ||| FLEEEEING.
  1699 | D:3      | 1699 ||| FLEEEEING.
  1700 | D:3      | 1700 ||| FLEEEEING.
  1701 | D:3      | 1701 ||| FLEEEEING.
  1702 | D:3      | 1702 ||| FLEEEEING.
  1703 | D:3      | 1703 ||| FLEEEEING.
  1704 | D:3      | 1704 ||| FLEEEEING.
  1705 | D:3      | 1705 ||| FLEEEEING.
  1706 | D:3      | 1706 ||| FLEEEEING.
  1707 | D:3      | 1707 ||| FLEEEEING.
  1708 | D:3      | 1708 ||| FLEEEEING.
  1709 | D:3      | 1709 ||| FLEEEEING.
  1710 | D:3      | 1710 ||| FLEEEEING.
  1711 | D:3      | 1711 ||| FLEEEEING.
  1713 | D:3      | 1713 ||| FLEEEEING.
  1714 | D:3      | 1714 ||| FLEEEEING.
  1715 | D:3      | 1715 ||| FLEEEEING.
  1716 | D:3      | 1716 ||| FLEEEEING.
  1717 | D:3      | 1717 ||| STAIRDANCE
  1858 | D:3      | 1858 ||| STAIRDANCE
  2471 | D:3      | 2471 ||| FLEEEEING.
  2472 | D:3      | 2472 ||| FLEEEEING.
  2473 | D:3      | 2473 ||| FLEEEEING.
  2474 | D:3      | 2474 ||| FLEEEEING.
  2475 | D:3      | 2475 ||| FLEEEEING.
  2476 | D:3      | 2476 ||| FLEEEEING.
  2477 | D:3      | 2477 ||| FLEEEEING.
  2478 | D:3      | 2478 ||| FLEEEEING.
  2479 | D:3      | 2479 ||| FLEEEEING.
  2480 | D:3      | 2480 ||| FLEEEEING.
  2482 | D:3      | 2482 ||| FLEEEEING.
  2483 | D:3      | 2483 ||| FLEEEEING.
  2484 | D:3      | 2484 ||| STAIRDANCE
  2714 | D:2      | 2714 ||| READING scroll labelled PIURUR IHIOR.
  2749 | D:2      | 2749 ||| DROPPING +0 club.
  2750 | D:2      | 2750 ||| READING scroll labelled CYGA PASYT WAN.
  2751 | D:2      | 2751 ||| READING scroll labelled TAYQOD CYMY.
  2784 | D:3      | 2784 ||| SWAPPING to +0 hand axe.
  2785 | D:3      | 2785 ||| DROPPING -1 hand axe of chaos.
  2787 | D:3      | Found a shadowy altar of Dithmenos.
  2791 | D:3      | Found a bloodstained altar of Trog.
  2916 | D:3      | 2916 ||| Stepping ~*~*~tactically~*~*~ (stealth).
  2917 | D:3      | 2917 ||| Stepping ~*~*~tactically~*~*~ (stealth).
  2923 | D:3      | 2923 ||| FLEEEEING.
  2924 | D:3      | 2924 ||| FLEEEEING.
  2925 | D:3      | 2925 ||| FLEEEEING.
  2926 | D:3      | 2926 ||| FLEEEEING.
  2927 | D:3      | 2927 ||| FLEEEEING.
  2928 | D:3      | 2928 ||| FLEEEEING.
  2929 | D:3      | 2929 ||| FLEEEEING.
  2930 | D:3      | 2930 ||| FLEEEEING.
  2931 | D:3      | 2931 ||| FLEEEEING.
  2932 | D:3      | 2932 ||| FLEEEEING.
  2941 | D:3      | 2941 ||| FLEEEEING.
  2945 | D:3      | 2945 ||| FLEEEEING.
  2947 | D:3      | 2947 ||| FLEEEEING.
  2949 | D:3      | 2949 ||| FLEEEEING.
  2962 | D:3      | 2962 ||| FLEEEEING.
  2963 | D:3      | 2963 ||| FLEEEEING.
  2964 | D:3      | 2964 ||| FLEEEEING.
  2965 | D:3      | 2965 ||| FLEEEEING.
  2966 | D:3      | 2966 ||| FLEEEEING.
  2967 | D:3      | 2967 ||| FLEEEEING.
  2968 | D:3      | 2968 ||| FLEEEEING.
  2969 | D:3      | 2969 ||| FLEEEEING.
  2970 | D:3      | 2970 ||| FLEEEEING.
  2971 | D:3      | 2971 ||| FLEEEEING.
  2976 | D:3      | HP: 8/35 [poisoned by a kobold]
  2977 | D:3      | 2977 ||| FLEEEEING.
  2978 | D:3      | 2978 ||| FLEEEEING.
  2979 | D:3      | 2979 ||| STAIRDANCE
  3237 | D:3      | 3237 ||| FLEEEEING.
  3238 | D:3      | 3238 ||| STAIRDANCE
  3507 | D:3      | 3507 ||| READING 2 scrolls of identify.
  3507 | D:3      | 3507 ||| IDENTIFYING viscous sapphire potion
  3508 | D:3      | 3508 ||| DROPPING potion of degeneration.
  3694 | D:4      | Found an opulent altar of Gozag.
  3897 | D:4      | 3897 ||| Stepping ~*~*~tactically~*~*~ (stealth).
  3932 | D:4      | 3932 ||| Stepping ~*~*~tactically~*~*~ (stealth).
  3933 | D:4      | 3933 ||| Stepping ~*~*~tactically~*~*~ (stealth).
  4232 | D:4      | 4232 ||| UPGRADING to +6 ring of dexterity.
  4233 | D:4      | 4233 ||| READING scroll labelled EROEN MUJU.
  4234 | D:4      | 4234 ||| READING scroll labelled FAMUFA YTAMM.
  4235 | D:4      | 4235 ||| READING scroll labelled TOPENTEODU.
  4243 | D:5      | Entered Level 5 of the Dungeon
  4290 | D:5      | 4290 ||| INVOKING Fiery Armour.
  4293 | D:5      | Reached skill level 1 in Dodging
  4293 | D:5      | Gained mutation: You regenerate health from kills. [demonic
                  | ancestry]
  4293 | D:5      | Reached XP level 5. HP: 23/41 MP: 6/6
  4298 | D:5      | Reached skill level 5 in Axes
  4313 | D:5      | Noticed a water moccasin
  4319 | D:5      | Killed a water moccasin
  4320 | D:5      | Reached XP level 6. HP: 47/47 MP: 7/7
  4339 | D:5      | Reached skill level 6 in Axes
  4454 | D:5      | 4454 ||| INVOKING Fiery Armour.
  4648 | D:5      | Found a snail-covered altar of Cheibriados.
  4741 | D:5      | Found Tunouzun's Antique Weapon Boutique.
  4744 | D:5      | 4744 ||| BUYING morningstar (108 gold).
  4744 | D:5      | Bought a morningstar for 108 gold pieces
  4744 | D:5      | 4744 ||| DROPPING +0 flail.
  4779 | D:5      | Found a shimmering altar of Xom.
  4827 | D:5      | 4827 ||| INVOKING Fiery Armour.
  4870 | D:5      | 4870 ||| FLEEEEING.
  4877 | D:5      | 4877 ||| STAIRDANCE
  4948 | D:4      | 4948 ||| UPGRADING to scarf of repulsion.
  4953 | D:4      | 4953 ||| DRINKING 2 grey potions.
  4954 | D:4      | 4954 ||| READING 3 scrolls of identify.
  4954 | D:4      | 4954 ||| IDENTIFYING ruby potion
  4955 | D:4      | 4955 ||| READING 2 scrolls of identify.
  4955 | D:4      | 4955 ||| IDENTIFYING fuming white potion
  4956 | D:4      | 4956 ||| DROPPING potion of attraction.
  4992 | D:5      | Reached XP level 7. HP: 53/53 MP: 8/8
  5122 | D:5      | Found a radiant altar of Vehumet.
  5237 | D:5      | 5237 ||| READING scroll of enchant weapon.
  5237 | D:5      | 5237 ||| ENCHANTING +1 hand axe.
  5428 | D:6      | 5428 ||| DROPPING +0 vorpal flail.
  5441 | D:6      | 5441 ||| Stepping ~*~*~tactically~*~*~ (hiding).
  5445 | D:6      | 5445 ||| INVOKING Fiery Armour.
  5447 | D:6      | 5447 ||| Stepping ~*~*~tactically~*~*~ (hiding).
  5663 | D:6      | Found a staircase to the Ecumenical Temple.
  5800 | D:6      | Reached skill level 7 in Axes
  6162 | D:6      | 6162 ||| DRINKING 2 silvery potions.
  6290 | D:7      | Identified the +6 hand axe of Zyenorph {drain, rC+ Will+
                  | Str+4 Int+3}
  6292 | D:7      | 6292 ||| SWAPPING to +6 hand axe of Zyenorph {drain, rC+
                  | Will+ Str+4 Int+3}.
  6293 | D:7      | 6293 ||| DROPPING +2 hand axe.
  6320 | D:7      | 6320 ||| INVOKING Fiery Armour.
  6412 | D:7      | Noticed a steam dragon
  6413 | D:7      | 6413 ||| FLEEEEING.
  6422 | D:7      | Found Jywucluh's Antique Weapon Shop.
  6502 | D:7      | Killed a steam dragon
  6503 | D:7      | Reached skill level 8 in Axes
  6503 | D:7      | Reached XP level 8. HP: 42/61 MP: 9/9
  6509 | D:7      | 6509 ||| FLEEEEING.
  6510 | D:7      | 6510 ||| FLEEEEING.
  6511 | D:7      | 6511 ||| FLEEEEING.
  6512 | D:7      | 6512 ||| FLEEEEING.
  6513 | D:7      | 6513 ||| FLEEEEING.
  6514 | D:7      | 6514 ||| FLEEEEING.
  6515 | D:7      | 6515 ||| FLEEEEING.
  6516 | D:7      | 6516 ||| STAIRDANCE
  6604 | D:7      | 6604 ||| BUYING glowing flail (195 gold).
  6604 | D:7      | Bought a glowing flail for 195 gold pieces
  6604 | D:7      | 6604 ||| SHOPLISTING war axe (105 gold, have 6).
  6604 | D:7      | 6604 ||| DROPPING +1 flail of holy wrath.
  6634 | D:7      | 6634 ||| INVOKING Fiery Armour.
  6643 | D:7      | Reached skill level 3 in Dodging
  6662 | D:7      | 6662 ||| Stepping ~*~*~tactically~*~*~ (hiding).
  6770 | D:7      | 6770 ||| INVOKING Fiery Armour.
  6962 | D:7      | Found a burning altar of Makhleb.
  7143 | D:7      | 7143 ||| READING 2 scrolls of identify.
  7143 | D:7      | 7143 ||| IDENTIFYING amethyst potion
  7144 | D:7      | 7144 ||| DROPPING potion of brilliance.
  7191 | D:8      | Reached skill level 9 in Axes
  7268 | D:8      | 7268 ||| INVOKING Fiery Armour.
  7269 | D:8      | Found a staircase to the Lair.
  7277 | D:8      | Reached skill level 6 in Fighting
  7277 | D:8      | Gained mutation: Spells you cast may paralyse nearby
                  | enemies. [demonic ancestry]
  7277 | D:8      | Reached XP level 9. HP: 27/71 MP: 10/10
  7283 | D:8      | Reached skill level 3 in Armour
  7289 | D:8      | Reached skill level 10 in Axes
  7690 | D:8      | 7690 ||| INVOKING Fiery Armour.
  7693 | D:8      | 7693 ||| Stepping ~*~*~tactically~*~*~ (hiding).
  7694 | D:8      | 7694 ||| Stepping ~*~*~tactically~*~*~ (hiding).
  7722 | D:8      | 7722 ||| DROPPING +3 hand axe.
  7737 | D:8      | Noticed Joseph
  7738 | D:8      | 7738 ||| Stepping ~*~*~tactically~*~*~ (hiding).
  7749 | D:8      | Killed Joseph
  8001 | D:8      | 8001 ||| PLANNING LAIR
  8001 | D:8      | 8001 ||| UPGRADING to +0 plate armour.
  8011 | D:8      | 8011 ||| DROPPING +0 chain mail of cold resistance.
  8012 | D:8      | 8012 ||| READING scroll of enchant armour.
  8012 | D:8      | 8012 ||| ENCHANTING +0 plate armour.
  8013 | D:8      | 8013 ||| READING scroll labelled ZAORGH EJUHOI.
  8061 | Lair:1   | Entered Level 1 of the Lair of Beasts
  8061 | Lair:1   | Noticed a cane toad
  8068 | Lair:1   | Killed a cane toad
  8069 | Lair:1   | Reached XP level 10. HP: 79/79 MP: 11/11
  8077 | Lair:1   | Reached skill level 11 in Axes
  8089 | Lair:1   | Noticed a cane toad
  8100 | Lair:1   | Killed a cane toad
  8192 | Lair:1   | Noticed Nergalle
  8204 | Lair:1   | 8204 ||| INVOKING Fiery Armour.
  8209 | Lair:1   | HP: 17/74 [poisoned by Nergalle]
  8210 | Lair:1   | 8210 ||| READING 2 scrolls of teleportation.
  8210 | Lair:1   | HP: 7/73 [spectral orc warrior/+0 dire flail[Nergalle] (2)]
  8211 | Lair:1   | 8211 ||| DRINKING 3 potions of heal wounds.
  8213 | Lair:1   | Killed Nergalle
  8451 | Lair:1   | 8451 ||| Stepping ~*~*~tactically~*~*~ (stealth).
  8459 | Lair:1   | 8459 ||| Stepping ~*~*~tactically~*~*~ (stealth).
  8459 | Lair:1   | Noticed a cane toad
  8460 | Lair:1   | 8460 ||| Stepping ~*~*~tactically~*~*~ (stealth).
  8472 | Lair:1   | 8472 ||| INVOKING Fiery Armour.
  8481 | Lair:1   | HP: 19/80 [cane toad (6)]
  8482 | Lair:1   | 8482 ||| READING scroll of teleportation.
  8483 | Lair:1   | 8483 ||| DRINKING 2 potions of heal wounds.
  8486 | Lair:1   | Killed a cane toad
  8487 | Lair:1   | Noticed a cane toad
  8487 | Lair:1   | Noticed a black mamba
  8488 | Lair:1   | HP: 19/80 [poisoned by a cane toad]
  8489 | Lair:1   | 8489 ||| DRINKING potion of heal wounds.
  8493 | Lair:1   | Killed a black mamba
  8498 | Lair:1   | Killed a cane toad
  8749 | Lair:1   | Noticed a cane toad
  8756 | Lair:1   | Killed a cane toad
  9319 | Lair:1   | 9319 ||| UPGRADING to ring of resist corrosion.
  9320 | Lair:1   | 9320 ||| READING 5 scrolls of identify.
  9320 | Lair:1   | 9320 ||| IDENTIFYING black potion
  9321 | Lair:1   | 9321 ||| READING 4 scrolls of identify.
  9321 | Lair:1   | 9321 ||| IDENTIFYING sedimented green potion
  9322 | Lair:1   | 9322 ||| DROPPING potion of ambrosia.
  9385 | Lair:2   | Noticed Prince Ribbit
  9387 | Lair:2   | 9387 ||| Stepping ~*~*~tactically~*~*~ (stealth).
  9391 | Lair:2   | 9391 ||| INVOKING Fiery Armour.
  9401 | Lair:2   | Killed Prince Ribbit
  9402 | Lair:2   | Reached skill level 12 in Axes
  9416 | Lair:2   | Reached XP level 11. HP: 82/86 MP: 12/12
  9608 | Lair:2   | 9608 ||| Stepping ~*~*~tactically~*~*~ (stealth).
  9610 | Lair:2   | 9610 ||| Stepping ~*~*~tactically~*~*~ (stealth).
  9630 | Lair:2   | 9630 ||| Stepping ~*~*~tactically~*~*~ (stealth).
  9670 | Lair:2   | 9670 ||| PLANNING TEMPLE
  9670 | Lair:2   | 9670 ||| Stepping ~*~*~tactically~*~*~ (stealth).
  9671 | Lair:2   | 9671 ||| READING 3 scrolls of identify.
  9671 | Lair:2   | 9671 ||| IDENTIFYING bubbling yellow potion
  9672 | Lair:2   | 9672 ||| DROPPING potion of flight.
  9846 | Temple   | Entered the Ecumenical Temple
  9852 | Temple   | 9852 ||| PLANNING CONVERSION TO OKAWARU
  9859 | Temple   | Fell from the grace of Ignis
  9859 | Temple   | Became a worshipper of Warmaster Okawaru
  9860 | Temple   | 9860 ||| PLANNING LAIR
  9969 | Lair:2   | Noticed a catoblepas
  9978 | Lair:2   | 9978 ||| Stepping ~*~*~tactically~*~*~ (cloud).
  9987 | Lair:2   | Killed a catoblepas
  9990 | Lair:2   | 9990 ||| Stepping ~*~*~tactically~*~*~ (stealth).
  9997 | Lair:2   | 9997 ||| Stepping ~*~*~tactically~*~*~ (stealth).
 10007 | Lair:2   | 10007 ||| FLEEEEING.
 10008 | Lair:2   | 10008 ||| FLEEEEING.
 10009 | Lair:2   | 10009 ||| FLEEEEING.
 10010 | Lair:2   | 10010 ||| FLEEEEING.
 10011 | Lair:2   | 10011 ||| FLEEEEING.
 10012 | Lair:2   | 10012 ||| FLEEEEING.
 10013 | Lair:2   | 10013 ||| FLEEEEING.
 10014 | Lair:2   | 10014 ||| FLEEEEING.
 10015 | Lair:2   | 10015 ||| FLEEEEING.
 10016 | Lair:2   | 10016 ||| FLEEEEING.
 10017 | Lair:2   | 10017 ||| FLEEEEING.
 10018 | Lair:2   | 10018 ||| FLEEEEING.
 10019 | Lair:2   | 10019 ||| FLEEEEING.
 10020 | Lair:2   | 10020 ||| FLEEEEING.
 10021 | Lair:2   | 10021 ||| FLEEEEING.
 10022 | Lair:2   | 10022 ||| FLEEEEING.
 10023 | Lair:2   | 10023 ||| FLEEEEING.
 10024 | Lair:2   | 10024 ||| FLEEEEING.
 10025 | Lair:2   | 10025 ||| FLEEEEING.
 10026 | Lair:2   | 10026 ||| FLEEEEING.
 10027 | Lair:2   | 10027 ||| FLEEEEING.
 10028 | Lair:2   | 10028 ||| FLEEEEING.
 10029 | Lair:2   | 10029 ||| FLEEEEING.
 10030 | Lair:2   | 10030 ||| STAIRDANCE
 10188 | Lair:2   | Reached skill level 13 in Axes
 10284 | Lair:2   | 10284 ||| Stepping ~*~*~tactically~*~*~ (stealth).
 10290 | Lair:2   | Reached * piety under Okawaru
 10316 | Lair:2   | Found a hole to the Spider Nest.
 10316 | Lair:2   | Noticed an orb spider
 10327 | Lair:2   | 10327 ||| READING scroll of teleportation.
 10328 | Lair:2   | 10328 ||| FLEEEEING.
 10412 | Lair:2   | 10412 ||| INVOKING Heroism.
 10412 | Lair:2   | HP: 19/87 [fire elemental[the fiery vengeance of Ignis]
                  | (7)]
 10413 | Lair:2   | 10413 ||| DRINKING potion of heal wounds.
 10413 | Lair:2   | HP: 7/87 [fire elemental[the fiery vengeance of Ignis] (5)]
 10413 | Lair:2   | HP: 3/87 [fire elemental[the fiery vengeance of Ignis] (4)]
 10413 | Lair:2   | Slain by a fire elemental

Levels and vault maps discovered:
D:1:      minmay_arrival_statue_studded, layout_basic,
          shapermc_ecumenical_altar_acropolis
D:2:      layout_rooms, basic_altar, minmay_misc_feat_rugged,
          uniq_crazy_yiuf_cottage
D:3:      layout_basic, chequers_temple_overflow_minitemple
D:4:      layout_basic, mainiacjoe_overflow_alcove_1, hangedman_decor_opposing
D:5:      layout_basic, mainiacjoe_overflow_alcove_4, overflow_temple_1_default,
          slow_altar_1, serial_shops, kennysheep_mini,
          hellmonk_bongcloud_opening
D:6:      layout_cave_pools, minmay_temple_entry_arrows
D:7:      layout_rooms, marbit_many_paths, serial_shops, shop
D:8:      layout_loops_ring, minmay_lair_entry_grove,
          ebering_dispersal_statue_hall, uniq_joseph
Temple:   chequers_temple_sunken
Lair:1:   layout_loops_ring, serial_bayou_pond_a, grunt_megastairs_3,
          lemuel_fruit_tree, uniq_nergalle
Lair:2:   layout_regular_city, shoals_dummy_entry,
          nicolae_spider_entry_orb_guardian, st_stairs_10, uniq_prince_ribbit2,
          uniq_harold

Skill      XL: |  1  2  3  4  5  6  7  8  9 10 11 |
---------------+----------------------------------+-----
Axes           | 3 4 5 6 8 9 10 12 13 | 13.0
Throwing       | 1 2 |  2.2
Armour         | 1 2 3 5 |  5.7
Dodging        | 1 3 |  3.0
Fighting       | 4 6 7 8 |  8.4
Spellcasting   | |  1.0
Fire Magic     | |  2.6

Action                   |  1- 3 |  4- 6 |  7- 9 | 10-12 || total
-------------------------+-------+-------+-------+-------++-------
Melee: Hand axe          |    80 |   160 |   187 |   160 ||   587
       Punch             |       |     1 |     2 |     2 ||     5
Throw: Javelin           |    18 |    18 |       |       ||    36
       Boomerang         |       |       |    20 |    16 ||    36
Invok: Fiery Armour      |     1 |     3 |     6 |     3 ||    13
       Heroism           |       |       |       |     1 ||     1
  Use: Scroll            |     6 |     9 |     4 |     6 ||    25
       Potion            |     3 |     1 |     1 |     4 ||     9
 Stab: Invisible         |     2 |       |       |       ||     2
       Distracted        |       |       |       |     1 ||     1
Armor: Chain mail        |    27 |    92 |   110 |       ||   229
       Robe              |     1 |       |       |       ||     1
       Plate armour      |       |       |     6 |    81 ||    87
Dodge: Dodged            |    23 |    65 |    71 |    39 ||   198

Table legend:
 A = Non-vault XP
 B = Vault XP
 C = Vault XP percentage of total XP
 D = Non-vault monster count
 E = Vault monster count
 F = Vault count percentage of total count
                 A         B        C        D         E       F
            +---------+---------+-------+---------+---------+-------
      Total |    7916 |    5970 |  43.0 |     136 |      25 |  15.5
            +---------+---------+-------+---------+---------+-------
        D:1 |      33 |       0 |   0.0 |      21 |       0 |   0.0
        D:2 |      41 |       0 |   0.0 |      13 |       0 |   0.0
        D:3 |      77 |       0 |   0.0 |      19 |       0 |   0.0
        D:4 |      37 |       0 |   0.0 |      13 |       0 |   0.0
        D:5 |     507 |      40 |   7.3 |      13 |       1 |   7.1
        D:6 |     443 |       0 |   0.0 |       8 |       0 |   0.0
        D:7 |     979 |     202 |  17.1 |      19 |       1 |   5.0
        D:8 |     962 |    2097 |  68.6 |      10 |      13 |  56.5
     Lair:1 |    2921 |    1592 |  35.3 |      12 |       3 |  20.0
     Lair:2 |    1916 |    2039 |  51.6 |       8 |       7 |  46.7
            +---------+---------+-------+---------+---------+-------
